Workbook

Sheet INSTRUCCIONES
A1: PLANTILLA DE PRESUPUESTO – INSTRUCCIONES
A2: Objetivo
A3: Esta plantilla permite presentar el presupuesto completo de un proyecto, diferenciando los gastos generales del proyecto de los gastos vinculados específicamente a cada una de sus tres acciones.
A4: Estructura
A5: • PROYECTO GENERAL: gastos necesarios para la ejecución global del proyecto que no pueden asociarse directamente a una acción específica.
A6: • ACCIÓN 1, ACCIÓN 2 y ACCIÓN 3: gastos directamente vinculados a cada acción. El nombre de cada acción debe escribirse en la celda amarilla correspondiente.
A7: • RESUMEN: consolida automáticamente los totales del proyecto general, de cada acción y la distribución por categorías.
A8: Funcionamiento de las categorías de gasto
A9: Cada gasto debe clasificarse en una sola categoría. La categoría debe reflejar la naturaleza principal del gasto y facilitar la lectura y análisis del presupuesto.
A10: Para seleccionar la categoría, utiliza como guía la lista de categorías que aparece al final de esta hoja. En cada fila del presupuesto encontrarás un menú desplegable con esas categorías. Selecciona la opción que mejor corresponda al gasto que estás registrando.
A11: Si un gasto pudiera corresponder a más de una categoría, asígnalo a la categoría que describa mejor su naturaleza principal. No dupliques el mismo gasto en varias categorías.
A12: Si ninguna categoría describe claramente el gasto, utiliza “OTROS” y especifica con precisión en la descripción de qué gasto se trata.
... A42: • Incluye todos los gastos previstos para ejecutar el proyecto, tanto generales como específicos de cada acción.

Sheet PROYECTO GENERAL
A1: PRESUPUESTO — PROYECTO GENERAL
A3: Nombre del proyecto: | B3: Escriba aquí
A4: Complete únicamente los gastos que no pueden asociarse directamente a una acción específica.
A6: Consecutivo | B6: Categoría de gasto | C6: Descripción del gasto | D6: Unidad | E6: Cantidad | F6: Costo unitario (€) | G6: Total (€) | H6: Justificación
A7: 1 | G7: =IF(OR(E7="",F7=""),0,E7*F7) -> 0
A8: 2 | G8: =IF(OR(E8="",F8=""),0,E8*F8) -> 0
A9: 3 | G9: =IF(OR(E9="",F9=""),0,E9*F9) -> 0
A10: 4 | G10: =IF(OR(E10="",F10=""),0,E10*F10) -> 0
A11: 5 | G11: =IF(OR(E11="",F11=""),0,E11*F11) -> 0
A12: 6 | G12: =IF(OR(E12="",F12=""),0,E12*F12) -> 0
G13: =IF(OR(E13="",F13=""),0,E13*F13) -> 0
G14: =IF(OR(E14="",F14=""),0,E14*F14) -> 0
G15: =IF(OR(E15="",F15=""),0,E15*F15) -> 0
G16: =IF(OR(E16="",F16=""),0,E16*F16) -> 0
G17: =IF(OR(E17="",F17=""),0,E17*F17) -> 0
G18: =IF(OR(E18="",F18=""),0,E18*F18) -> 0
G19: =IF(OR(E19="",F19=""),0,E19*F19) -> 0
G20: =IF(OR(E20="",F20=""),0,E20*F20) -> 0
G21: =IF(OR(E21="",F21=""),0,E21*F21) -> 0
G22: =IF(OR(E22="",F22=""),0,E22*F22) -> 0
G23: =IF(OR(E23="",F23=""),0,E23*F23) -> 0
G24: =IF(OR(E24="",F24=""),0,E24*F24) -> 0
... G36: =IF(OR(E36="",F36=""),0,E36*F36) -> 0
C37: TOTAL | F37: TOTAL | G37: =SUM(G7:G36) -> 0

Sheet ACCIÓN 1
A1: PRESUPUESTO — ACCIÓN 1
A3: Nombre del proyecto: | B3: Escriba aquí
A4: Nombre de la Acción 1 | B4: Escriba aquí
A5: Complete únicamente los gastos correspondientes a esta acción específica.
A7: Consecutivo | B7: Categoría de gasto | C7: Descripción del gasto | D7: Unidad | E7: Cantidad | F7: Costo unitario (€) | G7: Total (€) | H7: Justificación
A8: 1 | G8: =IF(OR(E8="",F8=""),0,E8*F8) -> 0
A9: 2 | G9: =IF(OR(E9="",F9=""),0,E9*F9) -> 0
A10: 3 | G10: =IF(OR(E10="",F10=""),0,E10*F10) -> 0
A11: 4 | G11: =IF(OR(E11="",F11=""),0,E11*F11) -> 0
A12: 5 | G12: =IF(OR(E12="",F12=""),0,E12*F12) -> 0
A13: 6 | G13: =IF(OR(E13="",F13=""),0,E13*F13) -> 0
G14: =IF(OR(E14="",F14=""),0,E14*F14) -> 0
G15: =IF(OR(E15="",F15=""),0,E15*F15) -> 0
G16: =IF(OR(E16="",F16=""),0,E16*F16) -> 0
G17: =IF(OR(E17="",F17=""),0,E17*F17) -> 0
G18: =IF(OR(E18="",F18=""),0,E18*F18) -> 0
G19: =IF(OR(E19="",F19=""),0,E19*F19) -> 0
G20: =IF(OR(E20="",F20=""),0,E20*F20) -> 0
G21: =IF(OR(E21="",F21=""),0,E21*F21) -> 0
G22: =IF(OR(E22="",F22=""),0,E22*F22) -> 0
G23: =IF(OR(E23="",F23=""),0,E23*F23) -> 0
G24: =IF(OR(E24="",F24=""),0,E24*F24) -> 0
G25: =IF(OR(E25="",F25=""),0,E25*F25) -> 0
... G37: =IF(OR(E37="",F37=""),0,E37*F37) -> 0
C38: TOTAL | F38: TOTAL | G38: =SUM(G8:G37) -> 0

Sheet ACCIÓN 2
A1: PRESUPUESTO — ACCIÓN 2
A3: Nombre del proyecto: | B3: Escriba aquí
A4: Nombre de la Acción 2 | B4: Escriba aquí
A5: Complete únicamente los gastos correspondientes a esta acción específica.
A7: Consecutivo | B7: Categoría de gasto | C7: Descripción del gasto | D7: Unidad | E7: Cantidad | F7: Costo unitario (€) | G7: Total (€) | H7: Justificación
A8: 1 | G8: =IF(OR(E8="",F8=""),0,E8*F8) -> 0
A9: 2 | G9: =IF(OR(E9="",F9=""),0,E9*F9) -> 0
A10: 3 | G10: =IF(OR(E10="",F10=""),0,E10*F10) -> 0
A11: 4 | G11: =IF(OR(E11="",F11=""),0,E11*F11) -> 0
A12: 5 | G12: =IF(OR(E12="",F12=""),0,E12*F12) -> 0
A13: 6 | G13: =IF(OR(E13="",F13=""),0,E13*F13) -> 0
G14: =IF(OR(E14="",F14=""),0,E14*F14) -> 0
G15: =IF(OR(E15="",F15=""),0,E15*F15) -> 0
G16: =IF(OR(E16="",F16=""),0,E16*F16) -> 0
G17: =IF(OR(E17="",F17=""),0,E17*F17) -> 0
G18: =IF(OR(E18="",F18=""),0,E18*F18) -> 0
G19: =IF(OR(E19="",F19=""),0,E19*F19) -> 0
G20: =IF(OR(E20="",F20=""),0,E20*F20) -> 0
G21: =IF(OR(E21="",F21=""),0,E21*F21) -> 0
G22: =IF(OR(E22="",F22=""),0,E22*F22) -> 0
G23: =IF(OR(E23="",F23=""),0,E23*F23) -> 0
G24: =IF(OR(E24="",F24=""),0,E24*F24) -> 0
G25: =IF(OR(E25="",F25=""),0,E25*F25) -> 0
... G37: =IF(OR(E37="",F37=""),0,E37*F37) -> 0
C38: TOTAL | F38: TOTAL | G38: =SUM(G8:G37) -> 0

Sheet ACCIÓN 3
A1: PRESUPUESTO — ACCIÓN 3
A3: Nombre del proyecto: | B3: Escriba aquí
A4: Nombre de la Acción 3 | B4: Escriba aquí
A5: Complete únicamente los gastos correspondientes a esta acción específica.
A7: Consecutivo | B7: Categoría de gasto | C7: Descripción del gasto | D7: Unidad | E7: Cantidad | F7: Costo unitario (€) | G7: Total (€) | H7: Justificación
A8: 1 | G8: =IF(OR(E8="",F8=""),0,E8*F8) -> 0
A9: 2 | G9: =IF(OR(E9="",F9=""),0,E9*F9) -> 0
A10: 3 | G10: =IF(OR(E10="",F10=""),0,E10*F10) -> 0
A11: 4 | G11: =IF(OR(E11="",F11=""),0,E11*F11) -> 0
A12: 5 | G12: =IF(OR(E12="",F12=""),0,E12*F12) -> 0
A13: 6 | G13: =IF(OR(E13="",F13=""),0,E13*F13) -> 0
G14: =IF(OR(E14="",F14=""),0,E14*F14) -> 0
G15: =IF(OR(E15="",F15=""),0,E15*F15) -> 0
G16: =IF(OR(E16="",F16=""),0,E16*F16) -> 0
G17: =IF(OR(E17="",F17=""),0,E17*F17) -> 0
G18: =IF(OR(E18="",F18=""),0,E18*F18) -> 0
G19: =IF(OR(E19="",F19=""),0,E19*F19) -> 0
G20: =IF(OR(E20="",F20=""),0,E20*F20) -> 0
G21: =IF(OR(E21="",F21=""),0,E21*F21) -> 0
G22: =IF(OR(E22="",F22=""),0,E22*F22) -> 0
G23: =IF(OR(E23="",F23=""),0,E23*F23) -> 0
G24: =IF(OR(E24="",F24=""),0,E24*F24) -> 0
G25: =IF(OR(E25="",F25=""),0,E25*F25) -> 0
... G37: =IF(OR(E37="",F37=""),0,E37*F37) -> 0
C38: TOTAL | F38: TOTAL | G38: =SUM(G8:G37) -> 0

Sheet RESUMEN
A1: RESUMEN DEL PRESUPUESTO
A3: Distribución por componente
A4: Componente | B4: Total (€)
A5: Proyecto general (gastos que no pueden asociarse directamente a una acción específica) | B5: ='PROYECTO GENERAL'!G37 -> 0
A6: Acción 1 | B6: ='ACCIÓN 1'!G38 -> 0
A7: Acción 2 | B7: ='ACCIÓN 2'!G38 -> 0
A8: Acción 3 | B8: ='ACCIÓN 3'!G38 -> 0
A9: TOTAL | B9: =SUM(B5:B8) -> 0
A12: Distribución por categoría
A13: Categoría | B13: Proyecto general | C13: Acción 1 | D13: Acción 2 | E13: Acción 3 | F13: Total
A14: HONORARIOS | B14: =SUMIF('PROYECTO GENERAL'!$B$7:$B$36,A14,'PROYECTO GENERAL'!$G$7:$G$36) -> 0 | C14: =SUMIF('ACCIÓN 1'!$B$8:$B$37,A14,'ACCIÓN 1'!$G$8:$G$37) -> 0 | D14: =SUMIF('ACCIÓN 2'!$B$8:$B$37,A14,'ACCIÓN 2'!$G$8:$G$37) -> 0 | E14: =SUMIF('ACCIÓN 3'!$B$8:$B$37,A14,'ACCIÓN 3'!$G$8:$G$37) -> 0 | F14: =SUM(B14:E14) -> 0
A15: MATERIALES | B15: =SUMIF('PROYECTO GENERAL'!$B$7:$B$36,A15,'PROYECTO GENERAL'!$G$7:$G$36) -> 0 | C15: =SUMIF('ACCIÓN 1'!$B$8:$B$37,A15,'ACCIÓN 1'!$G$8:$G$37) -> 0 | D15: =SUMIF('ACCIÓN 2'!$B$8:$B$37,A15,'ACCIÓN 2'!$G$8:$G$37) -> 0 | E15: =SUMIF('ACCIÓN 3'!$B$8:$B$37,A15,'ACCIÓN 3'!$G$8:$G$37) -> 0 | F15: =SUM(B15:E15) -> 0
A16: TRANSPORTE | B16: =SUMIF('PROYECTO GENERAL'!$B$7:$B$36,A16,'PROYECTO GENERAL'!$G$7:$G$36) -> 0 | C16: =SUMIF('ACCIÓN 1'!$B$8:$B$37,A16,'ACCIÓN 1'!$G$8:$G$37) -> 0 | D16: =SUMIF('ACCIÓN 2'!$B$8:$B$37,A16,'ACCIÓN 2'!$G$8:$G$37) -> 0 | E16: =SUMIF('ACCIÓN 3'!$B$8:$B$37,A16,'ACCIÓN 3'!$G$8:$G$37) -> 0 | F16: =SUM(B16:E16) -> 0
A17: EQUIPAMIENTO | B17: =SUMIF('PROYECTO GENERAL'!$B$7:$B$36,A17,'PROYECTO GENERAL'!$G$7:$G$36) -> 0 | C17: =SUMIF('ACCIÓN 1'!$B$8:$B$37,A17,'ACCIÓN 1'!$G$8:$G$37) -> 0 | D17: =SUMIF('ACCIÓN 2'!$B$8:$B$37,A17,'ACCIÓN 2'!$G$8:$G$37) -> 0 | E17: =SUMIF('ACCIÓN 3'!$B$8:$B$37,A17,'ACCIÓN 3'!$G$8:$G$37) -> 0 | F17: =SUM(B17:E17) -> 0
A18: ALQUILERES | B18: =SUMIF('PROYECTO GENERAL'!$B$7:$B$36,A18,'PROYECTO GENERAL'!$G$7:$G$36) -> 0 | C18: =SUMIF('ACCIÓN 1'!$B$8:$B$37,A18,'ACCIÓN 1'!$G$8:$G$37) -> 0 | D18: =SUMIF('ACCIÓN 2'!$B$8:$B$37,A18,'ACCIÓN 2'!$G$8:$G$37) -> 0 | E18: =SUMIF('ACCIÓN 3'!$B$8:$B$37,A18,'ACCIÓN 3'!$G$8:$G$37) -> 0 | F18: =SUM(B18:E18) -> 0
A19: PRODUCCIÓN | B19: =SUMIF('PROYECTO GENERAL'!$B$7:$B$36,A19,'PROYECTO GENERAL'!$G$7:$G$36) -> 0 | C19: =SUMIF('ACCIÓN 1'!$B$8:$B$37,A19,'ACCIÓN 1'!$G$8:$G$37) -> 0 | D19: =SUMIF('ACCIÓN 2'!$B$8:$B$37,A19,'ACCIÓN 2'!$G$8:$G$37) -> 0 | E19: =SUMIF('ACCIÓN 3'!$B$8:$B$37,A19,'ACCIÓN 3'!$G$8:$G$37) -> 0 | F19: =SUM(B19:E19) -> 0
A20: COMUNICACIÓN | B20: =SUMIF('PROYECTO GENERAL'!$B$7:$B$36,A20,'PROYECTO GENERAL'!$G$7:$G$36) -> 0 | C20: =SUMIF('ACCIÓN 1'!$B$8:$B$37,A20,'ACCIÓN 1'!$G$8:$G$37) -> 0 | D20: =SUMIF('ACCIÓN 2'!$B$8:$B$37,A20,'ACCIÓN 2'!$G$8:$G$37) -> 0 | E20: =SUMIF('ACCIÓN 3'!$B$8:$B$37,A20,'ACCIÓN 3'!$G$8:$G$37) -> 0 | F20: =SUM(B20:E20) -> 0
A21: SERVICIOS | B21: =SUMIF('PROYECTO GENERAL'!$B$7:$B$36,A21,'PROYECTO GENERAL'!$G$7:$G$36) -> 0 | C21: =SUMIF('ACCIÓN 1'!$B$8:$B$37,A21,'ACCIÓN 1'!$G$8:$G$37) -> 0 | D21: =SUMIF('ACCIÓN 2'!$B$8:$B$37,A21,'ACCIÓN 2'!$G$8:$G$37) -> 0 | E21: =SUMIF('ACCIÓN 3'!$B$8:$B$37,A21,'ACCIÓN 3'!$G$8:$G$37) -> 0 | F21: =SUM(B21:E21) -> 0
A22: ALOJAMIENTO | B22: =SUMIF('PROYECTO GENERAL'!$B$7:$B$36,A22,'PROYECTO GENERAL'!$G$7:$G$36) -> 0 | C22: =SUMIF('ACCIÓN 1'!$B$8:$B$37,A22,'ACCIÓN 1'!$G$8:$G$37) -> 0 | D22: =SUMIF('ACCIÓN 2'!$B$8:$B$37,A22,'ACCIÓN 2'!$G$8:$G$37) -> 0 | E22: =SUMIF('ACCIÓN 3'!$B$8:$B$37,A22,'ACCIÓN 3'!$G$8:$G$37) -> 0 | F22: =SUM(B22:E22) -> 0
A23: ALIMENTACIÓN | B23: =SUMIF('PROYECTO GENERAL'!$B$7:$B$36,A23,'PROYECTO GENERAL'!$G$7:$G$36) -> 0 | C23: =SUMIF('ACCIÓN 1'!$B$8:$B$37,A23,'ACCIÓN 1'!$G$8:$G$37) -> 0 | D23: =SUMIF('ACCIÓN 2'!$B$8:$B$37,A23,'ACCIÓN 2'!$G$8:$G$37) -> 0 | E23: =SUMIF('ACCIÓN 3'!$B$8:$B$37,A23,'ACCIÓN 3'!$G$8:$G$37) -> 0 | F23: =SUM(B23:E23) -> 0
A24: OTROS | B24: =SUMIF('PROYECTO GENERAL'!$B$7:$B$36,A24,'PROYECTO GENERAL'!$G$7:$G$36) -> 0 | C24: =SUMIF('ACCIÓN 1'!$B$8:$B$37,A24,'ACCIÓN 1'!$G$8:$G$37) -> 0 | D24: =SUMIF('ACCIÓN 2'!$B$8:$B$37,A24,'ACCIÓN 2'!$G$8:$G$37) -> 0 | E24: =SUMIF('ACCIÓN 3'!$B$8:$B$37,A24,'ACCIÓN 3'!$G$8:$G$37) -> 0 | F24: =SUM(B24:E24) -> 0

Sheet _LISTAS
A2: Honorarios | B2: unidad
A3: Materiales | B3: servicio
A4: Transporte | B4: hora
A5: Equipamiento | B5: día
A6: Alquileres | B6: jornada
A7: Producción | B7: lote
A8: Comunicación | B8: mes
A9: Servicios | B9: pieza
A10: Alojamiento | B10: ejemplar
A11: Alimentación | B11: otro
A12: Otros
